 Dungeon Crawl Stone Soup version 0.29-a0-284-gf9362112df (webtiles) character file.

Game seed: 12155588839279353097

111 spaghetti the Magician (level 5, -1/38 HPs)
             Began as a Djinni Warper on Mar 26, 2022.
             Killed from afar by an orc wizard (6 damage)
             ... with a magic dart
             ... on level 2 of the Dungeon.
             The game lasted 00:04:37 (2791 turns).

spaghetti the Magician (Djinni Warper)              Turns: 2791, Time: 00:04:37

Health: -1/38      AC:  6    Str: 10    XL:     5   Next: 15%
Gold:   74         EV: 11    Int: 16    God:
                   SH:  0    Dex: 13

rFire   + + +      SeeInvis .   a - +2 short sword {short}
rCold   x . .      Faith    .   (no shield)
rNeg    . . .      Spirit   .   e - +3 leather armour {rF+}
rPois   ∞          Reflect  .   (no helmet)
rElec   .          Harm     .   (no cloak)
rCorr   .          Rampage  .   (no gloves)
Will    .....                   (boots unavailable)
Stlth   +.........              (no amulet)
HPRegen 0.12/turn               (no ring)
MPRegen 0.00/turn               (no ring)

@: flying, very slightly contaminated
A: sickness immunity, fire resistance 2, cold vulnerability 1, float, innate
caster, HP casting, extra vitality 1
a: no special abilities


You were on level 2 of the Dungeon.
You visited 1 branch of the dungeon, and saw 3 of its levels.

You collected 74 gold pieces.


Innate Abilities, Weirdness & Mutations

You are immune to sickness and miasma.
You are immune to poison.
Your flesh is very heat resistant. (rF++)
You are vulnerable to cold. (rC-)
You float through the air rather than walking.
You learn spells naturally, not from books.
Your magical power is your life essence.
You have superior vitality. (+4 MHP)


   Skills:
 - Level 2.0 Fighting
 - Level 1.7 Short Blades
 - Level 0.7 Throwing
 - Level 1.0 Armour
 - Level 2.1 Dodging
 + Level 4.2 Spellcasting


You couldn't memorise any spells.
You knew the following spells:

 Your Spells              Type           Power      Damage    Failure   Level
a - Blink                 Tloc           34%        N/A       6%          2
b - Lesser Beckoning      Tloc           17%        N/A       12%         3
c - Gell's Gravitas       Tloc           17%        N/A       12%         3
d - Teleport Other        Tloc           17%        N/A       12%         3
e - Manifold Assault      Tloc           17%        N/A       73%         5
f - Slow                  Hex            68%        N/A       4%          1
g - Passwall              Tmut/Erth      14%        N/A       6%          2
Your spell library was empty.

Inventory:

Hand Weapons
 a - a +2 short sword (weapon) {short}
Missiles
 d - a boomerang of dispersal {=f!fthrowing}
 i - 6 stones (quivered) {throwing}
Armour
 b - a +0 leather armour
 e - a +3 leather armour of fire resistance (worn)
   (You found it on level 1 of the Dungeon)
 h - a +0 cloak
   (You found it on level 2 of the Dungeon)
Jewellery
 n - a ring of flight
   (You found it on level 2 of the Dungeon)
Scrolls
 c - a scroll of blinking {!r}
 f - a scroll of immolation {unknown}
 g - 2 scrolls of noise {!r}
 k - a scroll of torment {!r}
Potions
 j - a potion of heal wounds {unknown}
 l - a potion of mutation {unknown}
 m - a potion of brilliance {unknown}

Dungeon Overview and Level Annotations

Branches:
Dungeon (3/15)

Altars:

..#..#...###.###..###.#..........
.##.####...#####..###...######.##
.#..#..###.............## ##.#
##.##....##.####..###### ##.
#..#..#..#..# #..# ##
#.##.†..##.## #..# ########
...#.#..#..# #..# #.......
##...####.######..# ##.######
.###...#.[#.[>[o@.# #...# #.
...###...##.####o## ###...####.
.#...###.#..## #.######.......##.
####...#.#...###.................
...###...#.......######.......##.
#....##.##...##### ###...####.
..#..#..###....# #........
....##.## ####.# #######..
##..#..# #.# #..


You could see an orc wizard (slow) and an orc (slow).


Message History

You hit the orc. The orc barely misses you.
You hit the orc but do no damage. 😕 HP[+1]
You hit the orc. The orc hits you but does no damage.
You closely miss the orc.
The orc hits you with a +0 club. 😮 HP[-4]
You take 4 damage, and now have 26/38 hp.
You hit the orc.
You kill the orc!
You start resting. 😎 HP[+12]
Your hp is fully restored (38).
There is a stone staircase leading down, spattered with blood here.
Things that are here:
a +0 club {mace}; a +0 ring mail You fly downwards.
The orc hits you with a +0 flail!
The orc wizard hits you with a +0 dagger.
There is a stone staircase leading up here. 😕 HP[-9]
You take 9 damage, and now have 29/38 hp.
MASSIVE DAMAGE!! (PAUSE)
The orc hits you with a +0 flail.
The orc wizard hits you with a +0 dagger.
You fly upwards.
There is a stone staircase leading down, spattered with blood here.
Things that are here:
a +0 ring mail; a +0 club {mace}; 😮 HP[-8]
You take 8 damage, and now have 21/38 hp.
MASSIVE DAMAGE!! (PAUSE)
Casting: Slow (safe; 4% risk of failure)
Confirm with . or Enter, or press ? or * to list all spells.
Aiming: Slow (safe; 4% risk of failure)
Press: ? - help, Shift-Dir - straight line, f - orc wizard
Aim: an orc wizard, wielding a +0 dagger and wearing a +0 robe (chance to affect: 56%)
The orc wizard seems to slow down. 😮 HP[-1]
You take 1 damage, and now have 20/38 hp.
Casting: Slow (safe; 4% risk of failure)
Confirm with . or Enter, or press ? or * to list all spells.
Aiming: Slow (safe; 4% risk of failure)
Press: ? - help, Shift-Dir - straight line, f - orc, p - orc wizard
Aim: an orc, wielding a +0 flail (chance to affect: 73%)
The orc seems to slow down.
* * * LOW HITPOINT WARNING * * *
The orc wizard hits you but does no damage.
You hit the orc wizard. The orc barely misses you.
The orc wizard hits you but does no damage.
You closely miss the orc wizard. The orc barely misses you.
You hit the orc wizard. The orc wizard casts a spell at you.
You resist with some effort.
You closely miss the orc wizard. The orc hits you with a +0 flail!
* * * LOW HITPOINT WARNING * * *
The orc wizard hits you with a +0 dagger.
* * * LOW HITPOINT WARNING * * *
😨 HP[-10]
You take 10 damage, and now have 10/38 hp.
MASSIVE DAMAGE!! (PAUSE)
Okay, then.
Casting: Slow (safe; 4% risk of failure)
Confirm with . or Enter, or press ? or * to list all spells.
You blink.
* * * LOW HITPOINT WARNING * * *
😱 HP[-2]
You take 2 damage, and now have 8/38 hp.
Casting: Blink (safe; 6% risk of failure)
Confirm with . or Enter, or press ? or * to list all spells.
Aiming: Slow (safe; 4% risk of failure)
Press: ? - help, Shift-Dir - straight line, f/p - orc
Aim: an orc, wielding a +0 flail (slow, chance to affect: 73%)
Okay, then.
Unknown command.
Casting: Slow (safe; 4% risk of failure)
Confirm with . or Enter, or press ? or * to list all spells.
Aiming: Passwall (safe; 6% risk of failure)
Press: ? - help, Dir - move target, p - orc A rock wall.
You miscast Passwall.
You are very lightly contaminated with residual magic.
Nothing appears to happen.
* * * LOW HITPOINT WARNING * * *
😱 HP[-2]
You take 2 damage, and now have 6/38 hp.
Unknown command.
Unknown command.
Casting: Passwall (safe; 6% risk of failure)
Confirm with . or Enter, or press ? or * to list all spells.
Aiming: Passwall (safe; 6% risk of failure)
Press: ? - help, Dir - move target A rock wall.
* * * LOW HITPOINT WARNING * * *
You begin to meditate on the wall.
You continue meditating on the rock.
The orc misses you.
You continue meditating on the rock.
You feel stable enough to blink again. The orc barely misses you.
You continue meditating on the rock.
The orc wizard points at you and mumbles some strange words.
The magic dart hits you.
You die...

Skill      XL: |  1  2  3  4 |
---------------+-------------+-----
Spellcasting   | 3 4 |  4.2
Fighting       | |  2.0
Short Blades   | |  1.7
Throwing       | |  0.7
Armour         | |  1.0
Dodging        | |  2.1

Action                   |  1- 3 |  4- 6 || total
-------------------------+-------+-------++-------
Melee: Short sword       |   139 |    90 ||   229
       Punch             |     2 |     1 ||     3
Throw: Boomerang         |     6 |       ||     6
       Stone             |     2 |       ||     2
 Cast: Slow              |    10 |     5 ||    15
       Blink             |     1 |     1 ||     2
       Passwall          |       |     1 ||     1
  Use: Scroll            |     2 |     5 ||     7
       Potion            |     1 |       ||     1
 Stab: Sleeping          |       |     1 ||     1
Armor: Leather armour    |    84 |    37 ||   121
Dodge: Dodged            |   133 |    51 ||   184

Levels and vault maps discovered:
D:1:      lightli_arrival_statuegarden, layout_basic, minmay_misc_feat_rows,
          st_stairs_12, minivault_24
D:2:      minmay_skewed_foursquare, layout_loops_ring
D:3:      layout_basic

Notes
Turn   | Place    | Note
-------+----------+-------------------------------------------
     0 | D:1      | spaghetti the Djinni Warper began the quest for the Orb.
     0 | D:1      | Reached XP level 1. HP: 18/18 MP: 0/0
     0 | D:1      | magus.rc [v1.9.6]
   106 | D:1      | Reached XP level 2. HP: 22/23 MP: 0/0
   172 | D:1      | HP: 4/23 [kobold/+0 dagger (3)]
   185 | D:1      | HP: 4/23 [kobold/+0 dagger (1)]
   192 | D:1      | HP: 2/23 [kobold/+0 dagger (1)]
   616 | D:1      | Reached skill level 3 in Spellcasting
   688 | D:1      | Reached XP level 3. HP: 25/28 MP: 0/0
   688 | D:1      | Learned a level 1 spell: Slow
  1361 | D:2      | Reached XP level 4. HP: 13/33 MP: 0/0
  2305 | D:2      | Reached skill level 4 in Spellcasting
  2584 | D:2      | Reached XP level 5. HP: 29/38 MP: 0/0
  2584 | D:2      | Learned a level 2 spell: Passwall
  2791 | D:2      | Killed from afar by an orc wizard

Vanquished Creatures
  An orc wizard (D:2)
  3 adders (D:2)
  3 dart slugs
  2 orcs (D:2)
  4 endoplasms
  4 giant cockroaches
  2 goblins
  5 hobgoblins
  4 jackals
  4 kobolds
  A quokka (D:2)
  4 ball pythons
  6 bats
  6 frilled lizards
  A rat (D:1)
50 creatures vanquished.

Table legend:
 A = Non-vault XP
 B = Vault XP
 C = Vault XP percentage of total XP
 D = Non-vault monster count
 E = Vault monster count
 F = Vault count percentage of total count
                 A         B        C        D         E       F
            +---------+---------+-------+---------+---------+-------
      Total |     155 |       4 |   2.5 |      47 |       3 |   6.0
            +---------+---------+-------+---------+---------+-------
        D:1 |      44 |       1 |   2.2 |      25 |       1 |   3.8
        D:2 |     111 |       3 |   2.6 |      22 |       2 |   8.3
            +---------+---------+-------+---------+---------+-------

Illustrated notes

Table legend:
 A = Kills in this place as a percentage of kills in entire the game.
 B = Kills by you in this place as a percentage of kills by you in the entire game.
 C = Kills by friends in this place as a percentage of kills by friends in the entire game.
 D = Other kills in this place as a percentage of other kills in the entire game.
 E = Experience gained in this place as a percentage of experience gained in the entire game.
 F = Experience gained in this place divided by the number of levels of this place that you have seen.
                   A       B       C       D       E      F
               +-------+-------+-------+-------+-------+----------------------
         Total | 100.0 | 100.0 |   N/A |   N/A | 100.0 |  53.0
       Dungeon | 100.0 | 100.0 |   N/A |   N/A | 100.0 |  53.0
               +-------+-------+-------+-------+-------+----------------------

Table legend: (Time is in decaauts)
 A = Elapsed time spent in this place.
 B = Non-inter-level travel time spent in this place.
 C = Inter-level travel time spent in this place.
 D = Time resting spent in this place.
 E = Time spent auto-exploring this place.
 F = Levels seen in this place.
 G = Mean time per level.
                   A        B        C        D        E       F      G
               +--------+--------+--------+--------+--------+-----+--------+
         Total |   2799 |   2772 |     27 |   1072 |   1212 |   3 |  933.0 |
       Dungeon |   2799 |   2772 |     27 |   1072 |   1212 |   3 |  933.0 |
               +--------+--------+--------+--------+--------+-----+--------+

Top non-repeatable levels by time:
     D:2: 1839 daAuts
     D:1: 953 daAuts
     D:3: 6 daAuts
